 Dungeon Crawl Stone Soup version 0.24.0-37-gcf1ca852f1 (webtiles) character file.

Game seed: 2915079059153734959, levelgen mode: deterministic

315 kaze the Chopper (level 6, -2/55 HPs)
             Began as a Hill Orc Fighter on Nov 23, 2019.
             Slain by a water moccasin (5 damage)
             ... on level 4 of the Dungeon.
             The game lasted 00:06:46 (2369 turns).

kaze the Chopper (Hill Orc Fighter)                 Turns: 2369, Time: 00:06:46

Health: -2/55      AC:  7    Str: 18 (21) XL:     6   Next: 43%
Magic:  6/6        EV:  7    Int:  8      God:
Gold:   273        SH:  9    Dex:  7 (8)  Spells: 5/5 levels left

rFire    + . .     SeeInvis +   a - +0 war axe
rCold    . . .     Gourm    .   c - +0 shield
rNeg     . . .     Faith    .   b - +0 scale mail
rPois    .         Spirit   .   (no helmet)
rElec    .         Reflect  .   j - scarf {repulsion}
rCorr    .         Harm     .   (no gloves)
MR       .....                  (no boots)
Stlth    ..........             (no amulet)
HPRegen  0.58/turn              k - ring of see invisible
MPRegen  0.10/turn              o - ring of protection from fire

@: lethally poisoned (-2 -> -6), repel missiles
A: clumsy 1, regeneration 1, evolution 1
a: no special abilities


You were on level 4 of the Dungeon.
You were not hungry.

You visited 1 branch of the dungeon, and saw 4 of its levels.

You collected 273 gold pieces.

Inventory:

Hand Weapons
 a - a +0 war axe (weapon)
Missiles
 r - 8 boomerangs (quivered)
Armour
 b - a +0 scale mail (worn)
 c - a +0 shield (worn)
 h - a cursed +0 ring mail
 j - a scarf of repulsion (worn)
Jewellery
 g - an uncursed amulet of harm
 k - a ring of see invisible (left hand)
 o - a ring of protection from fire (right hand)
 q - an uncursed ring of flight {unknown}
Wands
 m - a wand of paralysis (11)
Scrolls
 e - a scroll of magic mapping
 l - a scroll of remove curse
 t - a scroll of teleportation
Potions
 d - 2 potions of might
 s - a potion of agility
Comestibles
 f - 6 rations
 i - a chunk of flesh


   Skills:
 + Level 4.8 Fighting
 + Level 5.9 Axes
 + Level 4.3 Armour
 + Level 0.9 Dodging
 + Level 0.2 Stealth
 + Level 4.3 Shields


You had 5 spell levels left.
You didn't know any spells.
Your spell library was empty.

Dungeon Overview and Level Annotations

Branches:
Dungeon (4/15)
 Temple: D:4-7

Altars:
Ashenzari
Hepliaklqana


Innate Abilities, Weirdness & Mutations

You are clumsy. (Dex -2)
Your natural rate of healing is unusually fast.
You evolve.


Message History

The water moccasin is heavily wounded.
You feel sick. The water moccasin bites you.
You are more poisoned.
The water moccasin poisons you! The water moccasin barely misses you.
Your scale mail prevents you from hitting the water moccasin.
The water moccasin is heavily wounded.
You feel sick.
The water moccasin bites you but does no damage.
Your shield and scale mail prevent you from hitting the water moccasin.
The water moccasin is heavily wounded.
You feel very sick.
The water moccasin bites you but does no damage.
The water moccasin bites you!
* * * LOW HITPOINT WARNING * * *
You slash the water moccasin!
The water moccasin is almost dead.
You feel sick. The water moccasin bites you.
* * * LOW HITPOINT WARNING * * *
The water moccasin bites you.
You die...

)..# #.# ...# #.# ...#
...# #.# ≈..# ...# #.#
≈≈. .#######.# ≈.# ..#
#....########..#
..###..........(...#
........#######.S.#
........# #.@##
........## ####..#
.........###....####
......................
.........##.#.#######.
.##.#.......#.#
........##....#
#..#..####...##
#..##.####...####


You could see a water moccasin.

Vanquished Creatures
  Eustachio (D:4)
  A bullfrog (D:3)
  5 adders
  5 worms
  3 dart slugs
  4 leopard geckos
  A giant cockroach (D:1)
  6 goblins
  6 hobgoblins
  A quokka (D:2)
  A ball python (D:3)
  5 bats
  5 frilled lizards
  5 kobolds
  10 rats
59 creatures vanquished.

Notes
Turn   | Place    | Note
-------+----------+-------------------------------------------
     0 | D:1      | kaze the Hill Orc Fighter began the quest for the Orb.
     0 | D:1      | Reached XP level 1. HP: 19/19 MP: 1/1
   275 | D:1      | Reached XP level 2. HP: 27/27 MP: 2/2
   915 | D:2      | Reached XP level 3. HP: 32/33 MP: 3/3
   929 | D:2      | Reached skill level 3 in Axes
   934 | D:2      | Gained mutation: You evolve. [potion of mutation]
   934 | D:2      | Gained mutation: You are clumsy. (Dex -2) [potion of
                  | mutation]
   934 | D:2      | Gained mutation: Your natural rate of healing is unusually
                  | fast. [potion of mutation]
   988 | D:2      | Found a hazy altar of Hepliaklqana.
  1060 | D:2      | Reached XP level 4. HP: 35/41 MP: 4/4
  1477 | D:3      | Reached skill level 4 in Axes
  1599 | D:3      | Noticed a bullfrog
  1613 | D:3      | Killed a bullfrog
  1613 | D:3      | Reached XP level 5. HP: 30/47 MP: 5/5
  2109 | D:4      | Found a shattered altar of Ashenzari.
  2171 | D:4      | Noticed Eustachio
  2219 | D:4      | Killed Eustachio
  2219 | D:4      | Reached skill level 5 in Axes
  2219 | D:4      | Reached XP level 6. HP: 43/55 MP: 6/6
  2353 | D:4      | Noticed a water moccasin
  2369 | D:4      | Slain by a water moccasin

Levels and vault maps discovered:
D:1:      eino_arrival_cavern_a, layout_loops_corners, minmay_bisected
D:2:      layout_basic, old_standard_altar
D:3:      layout_loops_ring, minmay_strange_pillars
D:4:      layout_rooms, ashenzari_altar_1, kennysheep_mini_moat,
          nicolae_overflow_crystal_walls, first_ration, serial_bayou_pond_d,
          uniq_ijyb, uniq_eustachio

Skill      XL: |  1  2  3  4  5 |
---------------+----------------+-----
Fighting       | 4 |  4.8
Axes           | 3 4 5 |  5.9
Armour         | 4 |  4.3
Shields        | 4 |  4.3
Dodging        | |  0.9
Stealth        | |  0.2

Action                   |  1- 3 |  4- 6 || total
-------------------------+-------+-------++-------
Melee: War axe           |    72 |   139 ||   211
Throw: Boomerang         |       |     4 ||     4
  Use: Scroll            |     6 |     6 ||    12
       Potion            |     5 |     3 ||     8
 Stab: Invisible         |     1 |       ||     1
  Eat: Chunk             |       |     3 ||     3
       Ration            |       |     1 ||     1
Armor: Scale mail        |    22 |    65 ||    87
Dodge: Dodged            |    15 |    49 ||    64
       Deflected         |       |     3 ||     3
Block: Shield            |    26 |    71 ||    97
